 Dungeon Crawl Stone Soup version 0.31-a0-1084-gb392501acf (webtiles) character file.

Game seed: 7342045239832234124

74 IndexError the Magician (level 4, -4/35 HPs)
             Began as a Djinni Conjurer on Nov 27, 2023.
             Slain by Sigmund
             ... wielding a +0 scythe
              (9 damage)
             ... on level 3 of the Dungeon.
             The game lasted 00:04:20 (2188 turns).

IndexError the Magician (Djinni Conjurer)           Turns: 2188, Time: 00:04:21

Health: -4/35      AC:  6    Str:  6    XL:     4   Next: 54%
Gold:   107        EV: 12    Int: 21    God:
                   SH:  0    Dex: 12

rFire   + + .        d - +2 short sword (vamp) {!w}
rCold   x . .        (no shield)
rNeg    . . .        a - +0 robe
rPois   ∞            (no helmet)
rElec   .            (no cloak)
rCorr   .            (no gloves)
SInv    .            (boots unavailable)
Will    .....        (no amulet)
Stlth   ++           b - +4 ring of protection
HPRegen 0.25/turn    (no ring)
MPRegen 0.00/turn

%: infuse magic (-5 HP)
@: flying
A: sickness immunity, fire resistance 2, cold vulnerability 1, float, innate
caster, HP casting, extra vitality 1
a: no special abilities


You were on level 3 of the Dungeon.
You visited 1 branch of the dungeon, and saw 3 of its levels.

You collected 107 gold pieces.

Inventory:

Hand Weapons
 d - a +2 vampiric short sword (weapon) {!w}
   (You found it on level 1 of the Dungeon)
Armour
 a - a +0 robe (worn)
 j - a +0 pair of gloves
   (You found it on level 2 of the Dungeon)
 m - a +0 cloak
   (You found it on level 3 of the Dungeon)
 n - a +1 hat
   (You found it on level 3 of the Dungeon)
Jewellery
 b - a +4 ring of protection (left hand)
   (You found it on level 1 of the Dungeon)
 p - a +6 ring of strength
   (You found it on level 3 of the Dungeon)
Scrolls
 c - a scroll of fear {unknown}
 e - 2 scrolls of revelation {unknown}
 g - a scroll of teleportation {unknown}
 h - 4 scrolls of identify {unknown}
 l - a scroll of butterflies {unknown}
 o - a scroll of vulnerability {unknown}
Potions
 f - a potion of cancellation {unknown}
 i - a potion of berserk rage {unknown}
 k - 2 potions of curing {unknown}


   Skills:
 * Level 3.1 Fighting
 - Level 2.1 Dodging
 - Level 1.5 Stealth
 + Level 3.7 Spellcasting
 + Level 3.7 Conjurations
 + Level 3.7 Hexes
   Level 0.0 Charms
 + Level 3.7 Summonings
 + Level 3.7 Necromancy
 + Level 3.7 Translocations
 + Level 3.7 Transmutations
 + Level 3.7 Fire Magic
 + Level 3.7 Ice Magic
 + Level 3.7 Air Magic
 + Level 3.7 Earth Magic
 + Level 3.7 Poison Magic


You knew the following spells:

 Your Spells              Type           Power      Damage    Failure   Level
a - Magic Dart            Conj           76%        1d6       2%          1
b - Searing Ray           Conj           38%        2d5       4%          2
c - Dazzling Flash        Conj/Hex       38%        N/A       9%          3
d - Fulminant Prism       Conj/Hex       9%         3d7       26%         4
e - Kiss of Death         Conj/Necr      76%        2d11      2%          1
x - Iskenderun's Mystic   Conj/Tloc      19%        2d6       26%         4
Your spell library was empty.

Dungeon Overview and Level Annotations

Branches:
Dungeon (3/15)

Altars:
Makhleb

Shops:
D:1 =

Annotations:
D:3 Sigmund


Innate Abilities, Weirdness & Mutations

You are immune to sickness and miasma.
You are immune to poison.
Your flesh is very heat resistant. (rF++)
You are vulnerable to cold. (rC-)
You float through the air rather than walking.
You learn spells naturally, not from books.
Your magical power is your life essence.
You have superior vitality. (+4 MHP)


Message History

You can't see any susceptible monsters within range! (Use Z to cast anyway.)
You can't see any susceptible monsters within range! (Use Z to cast anyway.)
Things that are here:
a +0 hand axe; an orc corpse
o - a scroll labelled XEWKETIDYNN Health restored: 35 An endoplasm comes into view.
An endoplasm is nearby!
The magic dart hits the endoplasm.
The endoplasm quivers.
You take 1 damage, and have 34/35 hp.
The magic dart hits the endoplasm.
You take 1 damage, and have 33/35 hp.
The magic dart hits the endoplasm.
You take 1 damage, and have 32/35 hp.
You can't see any susceptible monsters within range! (Use Z to cast anyway.)
A kobold comes into view. It is wielding a +0 dagger.
The kobold throws a stone.
The stone hits you but does no damage.
Health restored: 35 A kobold is nearby!
A kobold is nearby!
A kobold is nearby!
The magic dart hits the kobold.
The kobold throws a stone.
The stone hits you.
You take 2 damage, and have 33/35 hp.
The magic dart hits the kobold.
The kobold throws a stone.
The stone hits you but does no damage.
The magic dart hits the kobold.
You take 1 damage, and have 32/35 hp.
You can't see any susceptible monsters within range! (Use Z to cast anyway.)
You can't see any susceptible monsters within range! (Use Z to cast anyway.)
p - a +6 ring of strength Health restored: 35 A frilled lizard comes into view.
A frilled lizard is nearby!
The magic dart hits the frilled lizard.
The frilled lizard hisses angrily.
You take 1 damage, and have 34/35 hp.
The magic dart hits the frilled lizard.
You can't see any susceptible monsters within range! (Use Z to cast anyway.)
You can't see any susceptible monsters within range! (Use Z to cast anyway.)
You see here a frilled lizard corpse.
Found a burning altar of Makhleb.
Health restored: 35 Sigmund the Dreaded comes into view.
He is wielding a +0 scythe.
Sigmund shouts!
Sigmund is nearby!
The magic dart hits Sigmund.
Casting: Magic Dart (safe; 2% risk of failure)
Confirm with . or Enter, or press ? or * to list all spells.
Aiming: Fulminant Prism (extremely dangerous; 26% risk of failure)
Press: ? - help, Dir - move target, p - Sigmund You conjure a prism of explosive energy!
A fulminant prism comes into view.
You take 4 damage, and have 31/35 hp.
There are monsters nearby!
Casting: Fulminant Prism (extremely dangerous; 26% risk of failure)
Confirm with . or Enter, or press ? or * to list all spells.
Aiming: Searing Ray (safe; 4% risk of failure)
Press: ? - help, Shift-Dir - straight line, f - Sigmund
Aim: Sigmund, wielding a +0 scythe and wearing a +0 robe (lightly wounded, ally target, 75% to hit)
The searing ray hits Sigmund. (Press . to maintain the ray.)
Your fulminant prism crackles loudly.
Sigmund points at you and mumbles some strange words.
You are confused.
You take 2 damage, and have 29/35 hp.
The blast of energy engulfs Sigmund!
Sigmund points at you and mumbles some strange words.
You resist with some effort. Sigmund casts a spell at you.
You are more confused.
An endoplasm comes into view.
Sigmund attacks as he pursues you!
Sigmund hits you from afar with a +0 scythe!
You take 9 damage, and have 22/35 hp.
MASSIVE DAMAGE!!
The endoplasm quivers.
Sigmund hits you from afar with a +0 scythe!
You take 8 damage, and have 15/35 hp.
MASSIVE DAMAGE!!
Sigmund points at you and mumbles some strange words.
You are more confused.
Sigmund hits you but does no damage.
You bump into the rock wall.
Sigmund hits you from afar with a +0 scythe.
* * * LOW HITPOINT WARNING * * *
You take 6 damage, and have 10/35 hp.
A worm comes into view.
Sigmund gestures wildly while chanting.
Sigmund flickers and vanishes!
Deactivating autopickup; reactivate with Ctrl-A.
Something hits you.
* * * LOW HITPOINT WARNING * * *
You take 4 damage, and have 6/35 hp.
You closely miss the endoplasm.
The endoplasm hits you but does no damage.
You feel less confused. The endoplasm hits you.
* * * LOW HITPOINT WARNING * * *
You take 1 damage, and have 5/35 hp.
Something hits you!
You die...

...
.#...#......########...#.....
.#
.#.###..###........#...#.....
.# .#......#
#..###.###...#.#...
.###.######.#
#.................. .....#
#.####.###.#...#.#.#...
###..#
####.....................)
#..#
#...........#####.#######.
###..#
#.........................
.....#
#........@..##############
#...## #..................#
##### #.........J........#
##################........#
......############........#
#####...........##........#
#..########.##........# #..#
#.##........##### #####..##
#.##....>.w......


You could see an endoplasm.

Vanquished Creatures
  2 adders (D:2)
  2 worms
  A dart slug (D:3)
  An orc (D:3)
  2 ball pythons
  7 endoplasms
  A giant cockroach (D:1)
  4 goblins
  6 hobgoblins
  6 kobolds
  3 bats
  4 frilled lizards
  6 rats
45 creatures vanquished.

Vanquished Creatures (others)
  A fulminant prism (D:3)
1 creature vanquished.

Grand Total: 46 creatures vanquished

Notes
Turn   | Place    | Note
-------+----------+-------------------------------------------
     0 | D:1      | IndexError the Djinni Conjurer began the quest for the Orb.
     0 | D:1      | IndexError set off with the following spells memorised:
                  | Magic Dart, Searing Ray, Dazzling Flash, Fulminant Prism,
                  | Iskenderun's Mystic Blast.
     0 | D:1      | Reached XP level 1. HP: 15/15 MP: 0/0
   196 | D:1      | Reached skill level 1 in Fighting
   196 | D:1      | Reached XP level 2. HP: 16/22 MP: 0/0
   402 | D:1      | Found Atachar's Jewellery Emporium.
   919 | D:2      | Reached XP level 3. HP: 27/28 MP: 0/0
   919 | D:2      | Learned a level 1 spell: Kiss of Death
   963 | D:2      | Reached skill level 2 in Fighting
  1474 | D:2      | Reached XP level 4. HP: 33/34 MP: 0/0
  1961 | D:3      | Reached skill level 3 in Fighting
  2142 | D:3      | Found a burning altar of Makhleb.
  2144 | D:3      | Noticed an Executioner
  2164 | D:3      | Noticed Sigmund
  2185 | D:3      | HP: 6/35 [something (5)]
  2188 | D:3      | Slain by Sigmund

Illustrated notes

Levels and vault maps discovered:
D:1:      evilmike_arrival_rings, layout_rooms, serial_shops, shop,
          serial_forest, infiniplex_forest_lined_2, infiniplex_forest_zigzag_1,
          infiniplex_forest_end_double, infiniplex_forest_clump_long,
          infiniplex_forest_straight_3, infiniplex_forest_3_way
D:2:      layout_loops_cross, serial_glass, glass_columns_b, glass_columns_a
D:3:      layout_basic, makhleb_altar_promises_db, ebering_ecumenical_altar_box,
          uniq_sigmund

Skill      XL: |  1  2  3  4 |
---------------+-------------+-----
Fighting       | 1 2 3 |  3.1
Dodging        | |  2.1
Stealth        | |  1.5
Spellcasting   | |  3.7
Conjurations   | |  3.7
Hexes          | |  3.7
Summonings     | |  3.7
Necromancy     | |  3.7
Translocations | |  3.7
Transmutations | |  3.7
Fire Magic     | |  3.7
Ice Magic      | |  3.7
Air Magic      | |  3.7
Earth Magic    | |  3.7
Poison Magic   | |  3.7

Action                     |  1- 3 |  4- 6 || total
---------------------------+-------+-------++-------
  Melee: Short sword       |       |     1 ||     1
   Cast: Magic Dart        |    81 |    32 ||   113
         Searing Ray       |     1 |     2 ||     3
         Fulminant Prism   |       |     1 ||     1
 Armour: Robe              |       |    11 ||    11
  Dodge: Dodged            |     8 |     3 ||    11

Table legend: (Time is in decaauts)
 A = Elapsed time spent in this place.
 B = Non-inter-level travel time spent in this place.
 C = Inter-level travel time spent in this place.
 D = Time resting spent in this place.
 E = Time spent auto-exploring this place.
 F = Levels seen in this place.
 G = Mean time per level.
                   A        B        C        D        E       F      G
               +--------+--------+--------+--------+--------+-----+--------+
         Total |   2186 |   2097 |     89 |      0 |   1852 |   3 |  728.7 |
       Dungeon |   2186 |   2097 |     89 |      0 |   1852 |   3 |  728.7 |
               +--------+--------+--------+--------+--------+-----+--------+

Top non-repeatable levels by time:
     D:1: 901 daAuts
     D:2: 758 daAuts
     D:3: 526 daAuts

Levels and vault maps discovered:
D:1:      evilmike_arrival_rings, layout_rooms, serial_shops, shop,
          serial_forest, infiniplex_forest_lined_2, infiniplex_forest_zigzag_1,
          infiniplex_forest_end_double, infiniplex_forest_clump_long,
          infiniplex_forest_straight_3, infiniplex_forest_3_way
D:2:      layout_loops_cross, serial_glass, glass_columns_b, glass_columns_a
D:3:      layout_basic, makhleb_altar_promises_db, ebering_ecumenical_altar_box,
          uniq_sigmund

Table legend: (Time is in decaauts)
 A = Elapsed time spent in this place.
 B = Non-inter-level travel time spent in this place.
 C = Inter-level travel time spent in this place.
 D = Time resting spent in this place.
 E = Time spent auto-exploring this place.
 F = Levels seen in this place.
 G = Mean time per level.
                   A        B        C        D        E       F      G
               +--------+--------+--------+--------+--------+-----+--------+
         Total |   2186 |   2097 |     89 |      0 |   1852 |   3 |  728.7 |
       Dungeon |   2186 |   2097 |     89 |      0 |   1852 |   3 |  728.7 |
               +--------+--------+--------+--------+--------+-----+--------+

Top non-repeatable levels by time:
     D:1: 901 daAuts
     D:2: 758 daAuts
     D:3: 526 daAuts

Table legend:
 A = Kills in this place as a percentage of kills in the entire game.
 B = Kills by you in this place as a percentage of kills by you in the entire game.
 C = Kills by friends in this place as a percentage of kills by friends in the entire game.
 D = Other kills in this place as a percentage of other kills in the entire game.
 E = Experience gained in this place as a percentage of experience gained in the entire game.
 F = Experience gained in this place divided by the number of levels of this place that you have seen.
                   A       B       C       D       E      F
               +-------+-------+-------+-------+-------+----------------------
         Total | 100.0 | 100.0 |   N/A |   N/A | 100.0 |  35.7
       Dungeon | 100.0 | 100.0 |   N/A |   N/A | 100.0 |  35.7
               +-------+-------+-------+-------+-------+----------------------
